 Dungeon Crawl Stone Soup version 0.22.1-1-ga44c0e5 (webtiles) character file.

3318 poxvuibr the Markscentaur (level 9, -11/70 HPs)
             Began as a Centaur Hunter on Oct 28, 2018.
             Was a Follower of Elyvilon.
             Mangled by an orc warrior
             ... wielding a +2 war axe of freezing
              (20 damage)
             ... on level 7 of the Dungeon.
             The game lasted 00:24:36 (10258 turns).

poxvuibr the Markscentaur (Centaur Hunter)         Turns: 10258, Time: 00:24:38

Health: -11/70     AC:  4    Str: 16    XL:     9   Next: 71%
Magic:  17/17      EV: 15    Int: 14    God:    Elyvilon [*.....]
Gold:   289        SH:  0    Dex: 14    Spells: 8/8 levels left

rFire    . . .     SeeInvis .   a - +1 shortbow
rCold    . . .     Gourm    .   (shield currently unavailable)
rNeg     . . .     Faith    .   N - +0 robe of Aqikaemu {rPois Int+4} (curse)
rPois    +         Spirit   .   (no helmet)
rElec    .         Reflect  .   (no cloak)
rCorr    .         Harm     .   (no gloves)
MR       .....                  (no barding)
Stlth    +.........             (no amulet)
HPRegen  0.21/turn              q - +5 ring of evasion
MPRegen  0.15/turn              D - ring of magical power

@: very quick
A: large, hooves 3, deformed body, speed 2, low mp 1, strong 1, tough skin 3
a: Lesser Healing, Divine Protection, Renounce Religion


You were on level 7 of the Dungeon.
You worshipped Elyvilon.
Elyvilon was aware of your devotion.
You were very hungry.

You visited 2 branches of the dungeon, and saw 8 of its levels.

You collected 289 gold pieces.

Inventory:

Hand Weapons
 a - a +1 shortbow (weapon)
 b - a +0 short sword
 h - a +1 whip of electrocution
 n - a +0 spear
 v - a +0 morningstar
 B - a +0 dagger of venom
 E - a +4 war axe
Missiles
 d - 68 arrows (quivered)
 G - 11 sling bullets
Armour
 c - a +0 leather armour
 N - the cursed +0 robe of Aqikaemu (worn) {rPois Int+4}
   (You found it on level 7 of the Dungeon)

   It affects your intelligence (+4).
   It protects you from poison.
   It has a curse placed upon it.
Jewellery
 j - an uncursed ring of poison resistance
 p - an uncursed ring of teleportation
 q - a +5 ring of evasion (left hand)
 x - an uncursed ring of see invisible
 y - an uncursed ring of resist corrosion
 D - a ring of magical power (right hand)
 K - a +4 ring of intelligence {unknown}
 O - a cursed -2 ring of slaying {unknown}
Wands
 z - a wand of iceblast (10)
 I - a wand of polymorph (13)
Scrolls
 g - 3 scrolls of remove curse
 k - a scroll of enchant armour {unknown}
 l - 3 scrolls of identify
 m - 4 scrolls of blinking {unknown}
 t - 2 scrolls of immolation {unknown}
 u - a scroll of fog
 w - 2 scrolls of amnesia {unknown}
 C - a scroll of noise
 F - 2 scrolls of teleportation {unknown}
 L - a scroll of vulnerability {unknown}
Potions
 e - a potion of agility
 i - a potion of ambrosia {unknown}
 o - a potion of mutation
 r - a potion of haste {unknown}
 A - a potion of berserk rage
 H - a potion of degeneration {unknown}
 M - a potion of brilliance {unknown}
Comestibles
 f - 20 rations


   Skills:
 + Level 3.5 Fighting
 + Level 2.4 Axes
 - Level 15.9 Bows
 * Level 2.7 Armour
 - Level 1.3 Dodging
 - Level 0.4 Stealth


You had 8 spell levels left.
You didn't know any spells.
Your spell library contained the following spells:

 Spells                   Type           Power        Failure   Level  Hunger
 Animate Skeleton         Necr           N/A          28%         1    ##.....
 Pain                     Necr           #...         28%         1    ##.....
 Regeneration             Chrm/Necr      #.........   65%         3    ####...
 Vampiric Draining        Necr           #.........   65%         3    ####...
 Animate Dead             Necr           N/A          96%         4    #####..


Dungeon Overview and Level Annotations

Branches:
Dungeon (7/15)             Temple (1/1) D:6

Altars:
Cheibriados
Dithmenos
Elyvilon
Fedhas
Gozag
Kikubaaqudgha
Nemelex Xobeh
Okawaru
Qazlal
Ru
Sif Muna
Trog
Uskayaw
Vehumet
Wu Jian
Yredelemnul
Zin
The Shining One

Shops:
D:4 (


Innate Abilities, Weirdness & Mutations

You have hooves in place of feet.
Armour fits poorly on your strangely shaped body.
You cover ground very quickly.
You have extremely tough skin. (AC +3)
Your magical capacity is low. (-10% MP)
Your muscles are strong. (Str +2)


Message History

You feel better.
The orc wizard casts a spell.
The orc wizard flickers and vanishes!
Deactivating autopickup; reactivate with Ctrl-A.
Okay, then.
As you read the scroll labeled SIMEC AMODD, it crumbles to dust.
It is a scroll of identify.
C - a scroll of noise The orc warrior closely misses you.
As you read the scroll labeled DUD HUELYSEMUIS, it crumbles to dust.
You hear snatches of song.
It was a scroll of random uselessness.
The orc warrior hits you with a war axe of freezing.
* * * LOW HITPOINT WARNING * * *
The orc warrior freezes you.
* * * LOW HITPOINT WARNING * * *
As you read the scroll labeled IZAYD ESTUUMN, it crumbles to dust.
The scroll dissolves into smoke.
It was a scroll of fog.
The orc warrior hits you with a war axe of freezing!!
You die...

#.........# ##### #...[.....#
#...######### #.........#
#...##....... #######.........#
#...##.#####. ................#
#...##.#####. .......o(((.....##
#...+.....##. ....##.o.........#
#...#.###.##.
....##.##'#.##o######.......#.##.
.........(....{o@§§.#............
....#########.§##§#.#####.#.##...
....#....####..###### ..#.#.##...
.##.#.##.......# #.#.#.##.##
.##.#..#.#####.##### #.#.#.##...
<...##.#.# #.....## #.#.#...<##
....##.#########....# #.#.#####..
....#...........[.#.# #...### #.#
....######.......##.###.....# #.#


You could see an orc warrior and an orc.

Vanquished Creatures
  Pikel (D:5)
  A spriggan (D:7)
  Eustachio (D:5)
  A water moccasin (D:7)
  A black bear (D:6)
  An ice beast (D:7)
  2 phantoms
  3 sky beasts
  2 ogres
  A centaur (D:6)
  An elf zombie (D:7)
  A big kobold (D:7)
  A scorpion (D:5)
  A water moccasin skeleton (D:5)
  2 wights (D:7)
  A howler monkey (D:6)
  2 crimson imps
  A bullfrog zombie (D:5)
  3 hounds (D:6)
  7 orc wizards
  5 orc priests
  2 bullfrog skeletons (D:6)
  5 human zombies (D:7)
  3 iguanas
  4 worker ants (D:5)
  An ogre zombie (D:7)
  A hound zombie (D:5)
  3 hound skeletons
  A mummy (D:7)
  A worker ant zombie (D:5)
  7 adders
  2 gnolls (D:6)
  2 shadow imps
  2 oozes (D:2)
  2 worms (D:2)
  2 dart slugs
  9 leopard geckos
  18 orcs
  4 ball pythons
  8 bats
  6 giant cockroaches
  12 hobgoblins
  3 jackals
  12 kobolds
  2 quokkas
  9 frilled lizards
  5 goblins
  A leopard gecko skeleton (D:4)
  8 rats
174 creatures vanquished.

Notes
Turn   | Place    | Note
-------+----------+-------------------------------------------
     0 | D:1      | poxvuibr the Centaur Hunter began the quest for the Orb.
     0 | D:1      | Reached XP level 1. HP: 17/17 MP: 1/1
   132 | D:1      | Found a glowing golden altar of the Shining One.
   302 | D:1      | Reached skill level 6 in Bows
   302 | D:1      | Reached XP level 2. HP: 22/24 MP: 2/2
   632 | D:1      | Reached XP level 3. HP: 29/29 MP: 3/3
   955 | D:2      | Found a glowing golden altar of the Shining One.
  1043 | D:2      | Reached skill level 7 in Bows
  1303 | D:2      | Reached XP level 4. HP: 36/36 MP: 4/4
  1712 | D:3      | Reached skill level 8 in Bows
  2033 | D:3      | Reached XP level 5. HP: 28/41 MP: 5/5
  2567 | D:3      | Found an iron altar of Okawaru.
  2878 | D:4      | Reached skill level 9 in Bows
  3082 | D:4      | Noticed an ogre
  3175 | D:4      | Reached XP level 6. HP: 39/48 MP: 6/6
  3553 | D:4      | Reached skill level 10 in Bows
  3840 | D:4      | Found Gisaibeic's Weapon Shop.
  4349 | D:4      | Found a shadowy altar of Dithmenos.
  4486 | D:5      | Entered Level 5 of the Dungeon
  4515 | D:5      | Noticed a sky beast
  4516 | D:5      | Noticed a sky beast
  4538 | D:4      | Killed a sky beast
  4538 | D:4      | Reached XP level 7. HP: 13/55 MP: 7/7
  4819 | D:5      | Reached skill level 11 in Bows
  5359 | D:5      | Reached skill level 12 in Bows
  5964 | D:5      | Reached XP level 8. HP: 59/61 MP: 7/8
  5971 | D:5      | Noticed Eustachio
  5988 | D:5      | Killed Eustachio
  5988 | D:5      | Reached skill level 13 in Bows
  6912 | D:5      | Found a sacrificial altar of Ru.
  6912 | D:5      | Found a sparkling altar of Nemelex Xobeh.
  6943 | D:5      | Noticed Pikel
  6987 | D:5      | Gained mutation: Your magical capacity is low. (-10% MP)
                  | [potion of mutation]
  6987 | D:5      | Gained mutation: Your muscles are strong. (Str +2) [potion
                  | of mutation]
  6994 | D:5      | Killed Pikel
  6994 | D:5      | Reached skill level 15 in Bows
  7631 | D:6      | Reached XP level 9. HP: 55/67 MP: 8/8
  7991 | D:6      | Found a staircase to the Ecumenical Temple.
  7998 | Temple   | Entered the Ecumenical Temple
  8056 | Temple   | Became a worshipper of Elyvilon the Healer
  8462 | D:6      | Found an iron altar of Okawaru.
  8536 | D:6      | Reached * piety under Elyvilon
  9307 | D:7      | Reached skill level 1 in Axes
  9345 | D:7      | Reached skill level 1 in Armour
  9374 | D:7      | Got a brightly glowing robe
  9385 | D:7      | Identified the cursed +0 robe of Aqikaemu {rPois Int+4}
                  | (You found it on level 7 of the Dungeon)
  9470 | D:7      | Found a glowing silver altar of Zin.
  9849 | D:7      | Found a basalt altar of Yredelemnul.
 10258 | D:7      | Mangled by an orc warrior

Skill      XL: |  1  2  3  4  5  6  7  8  9 |
---------------+----------------------------+-----
Bows           | 6 7 8 9 10 12 15 | 15.9
Axes           | 2 |  2.4
Armour         | 2 |  2.7
Fighting       | 3 |  3.5
Dodging        | |  1.3
Stealth        | |  0.4

Action                   |  1- 3 |  4- 6 |  7- 9 || total
-------------------------+-------+-------+-------++-------
Melee: Morningstar       |       |    43 |       ||    43
       Kick              |       |    17 |    90 ||   107
       Dagger            |       |    22 |    98 ||   120
       War axe           |       |       |   247 ||   247
 Fire: Shortbow          |   136 |   121 |    64 ||   321
  Use: Scroll            |       |       |     4 ||     4
       Potion            |       |       |     6 ||     6
  Eat: Chunk             |       |     7 |    10 ||    17
       Ration            |       |       |     2 ||     2
Armor: Leather armour    |    17 |    16 |    62 ||    95
       Robe              |       |       |     4 ||     4
Dodge: Dodged            |    17 |    63 |   248 ||   328
